 Dungeon Crawl Stone Soup version 0.31-a0-148-gb92c8fe61f (webtiles) character file.

Game seed: 8521773420783424641

1121 qw the Skirmisher (level 8, -4/70 HPs)
             Began as a Minotaur Hunter on June 7, 2023.
             Shot with a sling bullet by Joseph (10 damage)
             ... on level 7 of the Dungeon.
             The game lasted 00:02:10 (5209 turns).

qw the Skirmisher (Minotaur Hunter)                 Turns: 5209, Time: 00:02:11

Health: -4/70      AC:  6    Str: 16    XL:     8   Next: 12%
Magic:  7/7        EV: 12    Int:  6    God:
Gold:   255        SH:  0    Dex: 16    Spells: 7/7 levels left

rFire   . . .        Y - +1 orcbow
rCold   . . .        (shield currently unavailable)
rNeg    . . .        b - +0 ring mail
rPois   .            (helmet restricted)
rElec   .            h - +0 cloak
rCorr   .            (no gloves)
SInv    .            (no boots)
Will    .....        i - amulet of faith
Stlth   +            (no ring)
HPRegen 0.31/turn    (no ring)
MPRegen 0.10/turn

%: faith
@: no status effects
A: horns 2, retaliatory headbutt
a: no special abilities


You were on level 7 of the Dungeon.
You visited 2 branches of the dungeon, and saw 8 of its levels.

You collected 255 gold pieces.


Innate Abilities, Weirdness & Mutations

You have a pair of horns on your head.
You reflexively headbutt those who attack you in melee.


   Skills:
 - Level 6.2 Fighting
 + Level 9.5 Ranged Weapons
 - Level 2.4 Armour
 - Level 3.3 Dodging
 - Level 0.7 Stealth


You had 7 spell levels left.
You didn't know any spells.
Your spell library was empty.

Inventory:

Hand Weapons
 Y - a +1 orcbow (weapon)
Armour
 b - a +0 ring mail (worn)
 h - a +0 cloak (worn)
Jewellery
 i - an amulet of faith (around neck)
Scrolls
 j - a scroll of identify
Potions
 c - a potion of cancellation
 d - 2 potions of might
 e - 2 potions of curing
 g - a potion of magic {unknown}

Dungeon Overview and Level Annotations

Branches:
Dungeon (7/15)             Temple (1/1) D:6

Altars:
Ashenzari
Cheibriados
Gozag
Kikubaaqudgha
Makhleb
Qazlal
Ru
Sif Muna
Trog
Uskayaw
Vehumet
Wu Jian
Zin
The Shining One

Shops:
D:5 :

Annotations:
D:7 Joseph


Message History

5150 ||| FLEEEEING.
5151 ||| FLEEEEING.
5152 ||| FLEEEEING.
There is a stone staircase leading up here.
5157 ||| STAIRDANCE You climb upwards.
There is a stone staircase leading down here.
You start resting.
HP restored.
Done exploring.
(D) Dungeon (T) Temple
Where to? (* - list waypoints, Enter - D:7, ? - help)
What level of the Dungeon? (default 1, ? - help)
You climb downwards.
Level annotation: Joseph
There is a stone staircase leading up here.
Joseph is nearby!
You shoot an arrow. The arrow hits Joseph!
Joseph is lightly wounded.
Joseph shoots a sling bullet.
The sling bullet closely misses you.
You shoot an arrow.
The arrow hits Joseph but does no damage.
Joseph is lightly wounded.
Joseph shoots a sling bullet.
The sling bullet hits you!
You shoot an arrow.
The arrow hits Joseph but does no damage.
Joseph is lightly wounded.
Joseph shoots a sling bullet.
The sling bullet hits you.
You shoot an arrow.
The arrow hits Joseph but does no damage.
Joseph is lightly wounded.
Joseph shoots a sling bullet.
The sling bullet hits you!
You shoot an arrow. The arrow hits Joseph.
Joseph is moderately wounded.
Joseph shoots a sling bullet.
The sling bullet hits you!
Joseph shoots a sling bullet.
The sling bullet hits you!!
You shoot an arrow. The arrow hits Joseph.
Joseph is moderately wounded.
Joseph shoots a sling bullet.
The sling bullet hits you!
You die...

###
#<#
#.#
####@#
#.##.#
#..@.#
#.####
#.#
#.#
#.#
#.#
#.#


You could see Joseph.

Vanquished Creatures
  A black bear (D:4)
  A sky beast (D:6)
  An ogre (D:4)
  Blork the orc (D:6)
  A gnoll sergeant (D:6)
  2 scorpions
  2 howler monkeys
  A crimson imp (D:5)
  3 orc priests
  3 hounds
  A sleepcap (D:5)
  2 iguanas
  An orc wizard (D:5)
  5 gnolls (D:6)
  7 adders
  A white imp (D:5)
  An ufetubus (D:5)
  2 dart slugs
  16 orcs
  8 ball pythons
  4 endoplasms
  2 giant cockroaches
  5 hobgoblins
  A quokka (D:4)
  4 bats
  2 frilled lizards
  6 goblins
  12 kobolds
  11 rats
107 creatures vanquished.

Notes
Turn   | Place    | Note
-------+----------+-------------------------------------------
     0 | D:1      | qw the Minotaur Hunter began the quest for the Orb.
     0 | D:1      | Reached XP level 1. HP: 18/18 MP: 0/0
     0 | D:1      | 0 ||| qw: Version: 0.2-a-117-gc6b5c8b
     0 | D:1      | 0 ||| qw: Game counter: 2546
     0 | D:1      | 0 ||| qw: Always use a shield: true
     0 | D:1      | 0 ||| qw: God list: Okawaru
     0 | D:1      | 0 ||| qw: Allow faded altars: false
     0 | D:1      | 0 ||| qw: Do Orc after D:15 true
     0 | D:1      | 0 ||| qw: Do second Lair branch before Depths: true
     0 | D:1      | 0 ||| qw: Lair rune preference: random
     0 | D:1      | 0 ||| qw: Plans: Normal
     0 | D:1      | 0 ||| PLANNING D:1-11
     0 | D:1      | Found a faded altar of an unknown god.
   129 | D:1      | Reached XP level 2. HP: 25/25 MP: 1/1
   179 | D:1      | Reached skill level 5 in Ranged Weapons
   395 | D:1      | Reached skill level 3 in Fighting
   530 | D:1      | 530 ||| DRINKING 2 orange potions.
   531 | D:1      | 531 ||| DROPPING scroll of butterflies.
   598 | D:2      | Reached XP level 3. HP: 26/31 MP: 2/2
  1156 | D:2      | 1156 ||| UPGRADING to +0 ring mail.
  1166 | D:2      | 1166 ||| DROPPING +0 leather armour.
  1167 | D:2      | 1167 ||| READING scroll labelled XUAWIN CAODYIW.
  1168 | D:2      | 1168 ||| READING scroll labelled HOFUNI ARIUNU.
  1171 | D:2      | 1171 ||| DRINKING 2 brown potions.
  1172 | D:2      | 1172 ||| DROPPING potion of degeneration.
  1204 | D:3      | Reached XP level 4. HP: 31/38 MP: 3/3
  1224 | D:3      | Reached skill level 6 in Ranged Weapons
  1235 | D:3      | 1235 ||| FLEEEEING.
  1238 | D:3      | 1238 ||| STAIRDANCE
  1327 | D:3      | 1327 ||| SWAPPING to +0 orcbow.
  1328 | D:3      | 1328 ||| DROPPING +0 shortbow.
  1600 | D:3      | Reached XP level 5. HP: 45/45 MP: 4/4
  1853 | D:3      | 1853 ||| DRINKING 3 silvery potions.
  1854 | D:3      | 1854 ||| DRINKING 2 purple potions.
  1891 | D:3      | 1891 ||| DROPPING 2 potions of invisibility.
  1892 | D:3      | 1892 ||| DROPPING potion of lignification.
  2030 | D:4      | 2030 ||| FLEEEEING.
  2031 | D:4      | 2031 ||| FLEEEEING.
  2032 | D:4      | 2032 ||| FLEEEEING.
  2033 | D:4      | 2033 ||| FLEEEEING.
  2034 | D:4      | 2034 ||| FLEEEEING.
  2035 | D:4      | 2035 ||| FLEEEEING.
  2036 | D:4      | 2036 ||| FLEEEEING.
  2037 | D:4      | 2037 ||| FLEEEEING.
  2038 | D:4      | 2038 ||| FLEEEEING.
  2050 | D:4      | 2050 ||| FLEEEEING.
  2051 | D:4      | 2051 ||| FLEEEEING.
  2052 | D:4      | 2052 ||| FLEEEEING.
  2053 | D:4      | 2053 ||| FLEEEEING.
  2054 | D:4      | 2054 ||| FLEEEEING.
  2055 | D:4      | 2055 ||| FLEEEEING.
  2056 | D:4      | 2056 ||| FLEEEEING.
  2057 | D:4      | 2057 ||| STAIRDANCE
  2088 | D:3      | 2088 ||| READING scroll labelled DUGOAS NIED.
  2092 | D:4      | 2092 ||| STAIRDANCE
  2141 | D:4      | 2141 ||| STAIRDANCE
  2215 | D:4      | You fall into a shaft and drop 1 floor!
  2215 | D:5      | Entered Level 5 of the Dungeon
  2304 | D:5      | Found a sacrificial altar of Ru.
  2307 | D:5      | Found a hide-covered altar of Uskayaw.
  2310 | D:5      | Found an opulent altar of Gozag.
  2313 | D:5      | Found a glowing golden altar of the Shining One.
  2379 | D:5      | Found a snail-covered altar of Cheibriados.
  2380 | D:5      | Noticed an ice beast
  2382 | D:5      | Noticed a water moccasin
  2437 | D:5      | 2437 ||| READING scroll labelled ZOPAYLYSIA.
  2438 | D:5      | 2438 ||| DRINKING 2 emerald potions.
  2442 | D:5      | Found Feqab's Book Boutique.
  2450 | D:4      | Noticed a black bear
  2454 | D:4      | Killed a black bear
  2455 | D:4      | Reached skill level 7 in Ranged Weapons
  2455 | D:4      | Reached XP level 6. HP: 53/53 MP: 5/5
  2918 | D:4      | Reached skill level 8 in Ranged Weapons
  2964 | D:4      | 2964 ||| READING scroll labelled VYPAOKHLYMPA.
  3052 | D:4      | 3052 ||| DRINKING 3 yellow potions.
  3089 | D:5      | Reached XP level 7. HP: 54/60 MP: 6/6
  3613 | D:5      | Found a broken altar of Ashenzari.
  3617 | D:5      | Saw a vision of the Shoals and the Snake Pit.
  3617 | D:5      | Noticed a manticore
  3617 | D:5      | Noticed a merfolk impaler
  3617 | D:5      | Noticed a kraken
  3617 | D:5      | Noticed a water nymph
  3617 | D:5      | Noticed a kraken
  3617 | D:5      | Noticed a sea snake
  3617 | D:5      | Noticed a skyshark
  3617 | D:5      | Noticed a black mamba
  3617 | D:5      | Noticed an anaconda
  3617 | D:5      | Noticed a naga mage
  3619 | D:5      | Noticed a merfolk avatar
  3652 | D:5      | Reached skill level 3 in Dodging
  3834 | D:5      | 3834 ||| UPGRADING to +0 cloak.
  3839 | D:5      | 3839 ||| READING scroll labelled GIAPHY BIQASEU.
  3840 | D:5      | 3840 ||| READING 2 scrolls labelled MIQUOG PUCAYRE.
  4083 | D:6      | Found a staircase to the Ecumenical Temple.
  4084 | D:6      | 4084 ||| PLANNING TEMPLE
  4084 | D:6      | 4084 ||| READING scroll labelled DIMETOZ INWU.
  4190 | Temple   | Entered the Ecumenical Temple
  4203 | Temple   | 4203 ||| PLANNING D:1-11
  4245 | D:6      | Reached skill level 9 in Ranged Weapons
  4531 | D:6      | Noticed Blork the orc
  4535 | D:6      | 4535 ||| FLEEEEING.
  4536 | D:6      | 4536 ||| FLEEEEING.
  4542 | D:6      | 4542 ||| FLEEEEING.
  4543 | D:6      | 4543 ||| FLEEEEING.
  4544 | D:6      | 4544 ||| FLEEEEING.
  4546 | D:6      | 4546 ||| FLEEEEING.
  4547 | D:6      | 4547 ||| FLEEEEING.
  4548 | D:6      | 4548 ||| FLEEEEING.
  4549 | D:6      | 4549 ||| FLEEEEING.
  4550 | D:6      | 4550 ||| FLEEEEING.
  4551 | D:6      | 4551 ||| FLEEEEING.
  4552 | D:6      | 4552 ||| FLEEEEING.
  4553 | D:6      | 4553 ||| FLEEEEING.
  4561 | D:6      | 4561 ||| FLEEEEING.
  4562 | D:6      | 4562 ||| FLEEEEING.
  4563 | D:6      | 4563 ||| FLEEEEING.
  4564 | D:6      | 4564 ||| FLEEEEING.
  4565 | D:6      | 4565 ||| FLEEEEING.
  4566 | D:6      | 4566 ||| FLEEEEING.
  4567 | D:6      | 4567 ||| FLEEEEING.
  4568 | D:6      | 4568 ||| FLEEEEING.
  4569 | D:6      | 4569 ||| FLEEEEING.
  4570 | D:6      | 4570 ||| FLEEEEING.
  4571 | D:6      | 4571 ||| STAIRDANCE
  4611 | D:5      | 4611 ||| READING scroll labelled SYINEA BUROST.
  4612 | D:5      | 4612 ||| READING 2 scrolls of identify.
  4612 | D:5      | 4612 ||| IDENTIFYING fuming emerald potion
  4619 | D:6      | 4619 ||| STAIRDANCE
  4645 | D:6      | 4645 ||| STAIRDANCE
  4691 | D:6      | Killed Blork the orc
  4692 | D:6      | Reached skill level 6 in Fighting
  4762 | D:6      | 4762 ||| Stepping ~*~*~tactically~*~*~ (outnumbered).
  4766 | D:6      | Reached XP level 8. HP: 68/70 MP: 7/7
  4775 | D:6      | HP: 15/70 [gnoll sergeant/+0 spear (10)]
  4776 | D:6      | 4776 ||| READING scroll of teleportation.
  4777 | D:6      | 4777 ||| DRINKING 2 potions of heal wounds.
  4782 | D:6      | HP: 14/70 [gnoll sergeant/+0 spear (5)]
  4783 | D:6      | 4783 ||| DRINKING potion of heal wounds.
  4786 | D:6      | 4786 ||| Stepping ~*~*~tactically~*~*~ (outnumbered).
  4867 | D:6      | 4867 ||| FLEEEEING.
  4872 | D:6      | 4872 ||| FLEEEEING.
  4873 | D:6      | 4873 ||| FLEEEEING.
  4874 | D:6      | 4874 ||| FLEEEEING.
  4875 | D:6      | 4875 ||| FLEEEEING.
  4876 | D:6      | 4876 ||| FLEEEEING.
  4877 | D:6      | 4877 ||| FLEEEEING.
  4878 | D:6      | 4878 ||| FLEEEEING.
  4879 | D:6      | 4879 ||| FLEEEEING.
  4880 | D:6      | 4880 ||| FLEEEEING.
  4881 | D:6      | 4881 ||| FLEEEEING.
  4882 | D:6      | 4882 ||| FLEEEEING.
  4883 | D:6      | 4883 ||| FLEEEEING.
  4884 | D:6      | 4884 ||| FLEEEEING.
  4885 | D:6      | 4885 ||| FLEEEEING.
  4886 | D:6      | 4886 ||| FLEEEEING.
  4887 | D:6      | 4887 ||| FLEEEEING.
  4888 | D:6      | 4888 ||| FLEEEEING.
  4890 | D:6      | 4890 ||| FLEEEEING.
  4891 | D:6      | 4891 ||| FLEEEEING.
  4892 | D:6      | 4892 ||| FLEEEEING.
  4893 | D:6      | 4893 ||| FLEEEEING.
  4894 | D:6      | 4894 ||| FLEEEEING.
  4895 | D:6      | 4895 ||| FLEEEEING.
  4896 | D:6      | 4896 ||| FLEEEEING.
  4897 | D:6      | 4897 ||| FLEEEEING.
  4898 | D:6      | 4898 ||| FLEEEEING.
  4899 | D:6      | 4899 ||| FLEEEEING.
  4900 | D:6      | 4900 ||| FLEEEEING.
  4901 | D:6      | 4901 ||| FLEEEEING.
  4902 | D:6      | 4902 ||| FLEEEEING.
  4903 | D:6      | 4903 ||| FLEEEEING.
  4904 | D:6      | 4904 ||| FLEEEEING.
  4905 | D:6      | 4905 ||| FLEEEEING.
  4906 | D:6      | 4906 ||| FLEEEEING.
  4907 | D:6      | 4907 ||| FLEEEEING.
  4908 | D:6      | 4908 ||| FLEEEEING.
  4909 | D:6      | 4909 ||| FLEEEEING.
  4910 | D:6      | 4910 ||| FLEEEEING.
  4911 | D:6      | 4911 ||| FLEEEEING.
  4912 | D:6      | 4912 ||| FLEEEEING.
  4913 | D:6      | 4913 ||| FLEEEEING.
  4914 | D:6      | 4914 ||| FLEEEEING.
  4915 | D:6      | 4915 ||| STAIRDANCE
  4950 | D:5      | 4950 ||| UPGRADING to amulet of faith.
  5116 | D:7      | Noticed Joseph
  5119 | D:7      | 5119 ||| FLEEEEING.
  5120 | D:7      | 5120 ||| FLEEEEING.
  5121 | D:7      | 5121 ||| FLEEEEING.
  5122 | D:7      | 5122 ||| FLEEEEING.
  5123 | D:7      | 5123 ||| FLEEEEING.
  5124 | D:7      | 5124 ||| FLEEEEING.
  5125 | D:7      | 5125 ||| FLEEEEING.
  5131 | D:7      | 5131 ||| FLEEEEING.
  5132 | D:7      | 5132 ||| FLEEEEING.
  5138 | D:7      | 5138 ||| FLEEEEING.
  5139 | D:7      | 5139 ||| FLEEEEING.
  5140 | D:7      | 5140 ||| FLEEEEING.
  5141 | D:7      | 5141 ||| FLEEEEING.
  5142 | D:7      | 5142 ||| FLEEEEING.
  5143 | D:7      | 5143 ||| FLEEEEING.
  5144 | D:7      | 5144 ||| FLEEEEING.
  5145 | D:7      | 5145 ||| FLEEEEING.
  5146 | D:7      | 5146 ||| FLEEEEING.
  5147 | D:7      | 5147 ||| FLEEEEING.
  5148 | D:7      | 5148 ||| FLEEEEING.
  5149 | D:7      | 5149 ||| FLEEEEING.
  5150 | D:7      | 5150 ||| FLEEEEING.
  5151 | D:7      | 5151 ||| FLEEEEING.
  5152 | D:7      | 5152 ||| FLEEEEING.
  5157 | D:7      | 5157 ||| STAIRDANCE
  5208 | D:7      | HP: 6/70 [Joseph/sling bullet (21)]
  5209 | D:7      | Shot with a sling bullet by Joseph

Levels and vault maps discovered:
D:1:      dpeg_arrival_tiny_a, layout_loops_cross,
          chequers_ecumenical_altar_simple_redux
D:2:      layout_loops_ring, columned_hall_lemuel
D:3:      layout_loops_cross, minmay_vboxes
D:4:      layout_rooms, kennysheep_donut
D:5:      layout_basic, grunt_ashenzari_visionary
          [grunt_ashenzari_visionary_shoals, grunt_ashenzari_visionary_snake],
          cheibriados_altar_2, beargit_hepliaklqana_dungeon_heroes,
          grunt_temple_overflow_cloverleaf, serial_shops, shop,
          serial_bayou_pond_d, minmay_fire_ice_demons
D:6:      layout_basic, minmay_temple_entry_fiery, corexii_hall_statues_l,
          uniq_blork_the_orc
D:7:      minmay_chambers_of_fours, layout_basic,
          gammafunk_temple_overflow_forgotten, nzn_ghost_randoct,
          kennysheep_generic_room_4, uniq_joseph, uniq_duvessa, uniq_pikel
Temple:   hellmonk_temple_two_chambers

Skill      XL: |  1  2  3  4  5  6  7 |
---------------+----------------------+-----
Ranged Weapons | 5 6 7 8 9 |  9.5
Fighting       | 3 4 6 |  6.2
Armour         | 2 |  2.4
Dodging        | 3 |  3.3
Stealth        | |  0.7

Action                     |  1- 3 |  4- 6 |  7- 9 || total
---------------------------+-------+-------+-------++-------
   Fire: Shortbow          |   106 |    17 |       ||   123
         Orcbow            |       |   132 |   139 ||   271
    Use: Potion            |     2 |     4 |     2 ||     8
         Scroll            |     2 |     3 |     6 ||    11
 Armour: Leather armour    |     8 |       |       ||     8
         Ring mail         |     1 |    21 |    20 ||    42
  Dodge: Dodged            |    21 |    50 |    56 ||   127

Table legend:
 A = Non-vault XP
 B = Vault XP
 C = Vault XP percentage of total XP
 D = Non-vault monster count
 E = Vault monster count
 F = Vault count percentage of total count
                 A         B        C        D         E       F
            +---------+---------+-------+---------+---------+-------
      Total |    1438 |     164 |  10.2 |      99 |       8 |   7.5
            +---------+---------+-------+---------+---------+-------
        D:1 |      36 |       0 |   0.0 |      27 |       0 |   0.0
        D:2 |      52 |       0 |   0.0 |      11 |       0 |   0.0
        D:3 |     147 |       8 |   5.2 |      20 |       5 |  20.0
        D:4 |     342 |       0 |   0.0 |      11 |       0 |   0.0
        D:5 |     272 |      60 |  18.1 |      10 |       2 |  16.7
        D:6 |     589 |      96 |  14.0 |      20 |       1 |   4.8
            +---------+---------+-------+---------+---------+-------
